 Dungeon Crawl Stone Soup version 0.31-a0-1-g4198be8af4 (webtiles) character file.

Game seed: 18081159946583549809

70547 halvedace the Tortoise (level 14, -3/133 HPs) *EXPLORE*
             Began as a Minotaur Fighter on May 1, 2023.
             Was a High Priest of Ashenzari.
             Shot with an arrow by a naga sharpshooter (13 damage)
             ... on level 4 of the Snake Pit.
             The game lasted 00:58:28 (15310 turns).

halvedace the Tortoise (Minotaur Fighter)          Turns: 15310, Time: 00:58:30

Health: -3/133     AC: 28    Str: 32    XL:     14   Next: 94%
Magic:  13/13      EV: 10    Int:  5    God:    Ashenzari [*****.]
Gold:   1085       SH: 10    Dex: 16    Spells: 13/13 levels left

rFire   + . .        a - +1 war axe of Ashenzari's Black Moon {vamp, Range, Evo} (curse)
rCold   . . .        c - +1 buckler "Oscillating Fan" {Fort, Melee} (curse)
rNeg    . . .        h - +3 chain mail "Augurer of Ashenzari" {Alch, Elem} (curse)
rPois   x            (helmet restricted)
rElec   .            B - +2 cloak "Shattered Adversity" {Bglg, Evo} (curse)
rCorr   .            (no gloves)
SInv    +            E - +0 pair of boots of Ashenzari's Secrets {Bglg, Fort} (curse)
Will    +....        P - amulet "Gaze Upon Infinity" {rF+ Regen+ Str+6 Stlth+, Range, Alch} (curse) Stlth
                     q - ring "Circumscribed Dismay" {AC+4, Comp, Bglg} (curse)
HPRegen 1.22/turn    L - ring of Ashenzari's Planets {Dex+6, Range, Evo} (curse)
MPRegen 0.13/turn

%: clarity
@: lethally poisoned (-3 -> -21), weakened, poison vulnerable
A: horns 2, retaliatory headbutt
a: Renounce Religion, Curse Item, Shatter the Chains


You were on level 4 of the Snake Pit.
You worshipped Ashenzari.
Ashenzari was extremely pleased with you.
You visited 4 branches of the dungeon, and saw 18 of its levels.

You collected 1227 gold pieces.
You spent 142 gold pieces at shops.

Inventory:

Hand Weapons
 a - the cursed +1 war axe of Ashenzari's Black Moon (weapon) {vamp, Range, Evo}

   It has a curse which improves the following skills: Ranged Combat: Ranged
   Weapons and Throwing.
   Evocations: Evocations.
 y - a +1 battleaxe
Missiles
 f - 29 poisoned darts (quivered)
Armour
 c - the cursed +1 buckler "Oscillating Fan" (worn) {Fort, Melee}

   It has a curse which improves the following skills: Fortitude: Armour and
   Shields.
   Melee Combat: Short Blades, Long Blades, Axes, Maces & Flails, Polearms,
   Staves and Unarmed Combat.
 h - the cursed +3 chain mail "Augurer of Ashenzari" (worn) {Alch, Elem}
   (You found it on level 2 of the Dungeon)

   It has a curse which improves the following skills: Alchemy: Poison Magic and
   Transmutations.
   Elements:  Fire Magic, Ice Magic, Air Magic and Earth Magic.
 B - the cursed +2 cloak "Shattered Adversity" (worn) {Bglg, Evo}
   (You found it on level 7 of the Dungeon)

   It has a curse which improves the following skills: Beguiling: Conjurations,
   Hexes and Translocations.
   Evocations: Evocations.
 E - the cursed +0 pair of boots of Ashenzari's Secrets (worn) {Bglg, Fort}
   (You found it on level 8 of the Dungeon)

   It has a curse which improves the following skills: Beguiling: Conjurations,
   Hexes and Translocations.
   Fortitude: Armour and Shields.
Jewellery
 q - the cursed ring "Circumscribed Dismay" (left hand) {AC+4, Comp, Bglg}
   (You found it on level 5 of the Dungeon)

   [ring of protection]

   AC:        It affects your AC (+4).
   It has a curse which improves the following skills: Companions: Summonings
   and Necromancy.
   Beguiling: Conjurations, Hexes and Translocations.
 L - the cursed ring of Ashenzari's Planets (right hand) {Dex+6, Range, Evo}
   (You found it on level 9 of the Dungeon)

   [ring of dexterity]

   Dex:       It affects your dexterity (+6).
   It has a curse which improves the following skills: Ranged Combat: Ranged
   Weapons and Throwing.
   Evocations: Evocations.
 P - the cursed amulet "Gaze Upon Infinity" (around neck) {rF+ Regen+ Str+6 Stlth+, Range, Alch}
   (You found it on level 10 of the Dungeon)

   [amulet of regeneration]

   Str:       It affects your strength (+6).
   rF:        It protects you from fire.
   Regen:     It increases your rate of health regeneration.
   Stlth:     It makes you more stealthy.
   It has a curse which improves the following skills: Ranged Combat: Ranged
   Weapons and Throwing.
   Alchemy:   Poison Magic and Transmutations.
 V - the ring "Peroecso" {Fire Int+2 Dex+3}
   (You found it on level 1 of the Lair of Beasts)

   [ring of fire]

   It enhances your fire magic.
   Int:       It affects your intelligence (+2).
   Dex:       It affects your dexterity (+3).
   rF:        It protects you from fire.
   rC:        It makes you vulnerable to cold.
Wands
 x - a wand of charming (10)
 C - a wand of mindburst (14)
 Q - a wand of flame (7)
 R - a wand of polymorph (8)
 S - a wand of digging (6)
 W - a wand of roots (8)
Scrolls
 i - a scroll of enchant weapon
 k - 7 scrolls of teleportation
 o - 4 scrolls of poison
 v - 7 scrolls of magic mapping
 G - 3 scrolls of blinking
 I - a scroll of fog
 K - a scroll of brand weapon
 M - 3 scrolls of amnesia
 O - 3 scrolls of fear
 T - a scroll of enchant armour
Potions
 b - 9 potions of heal wounds
 d - 3 potions of might
 e - 4 potions of brilliance
 g - 4 potions of lignification
 l - 2 potions of cancellation
 m - 2 potions of mutation
 n - 3 potions of degeneration
 p - 3 potions of flight
 r - 2 potions of berserk rage
 t - 5 potions of curing
 D - 2 potions of magic
 F - 3 potions of invisibility
 N - 3 potions of haste
 X - a potion of ambrosia


   Skills:
 + Level 14.7 Fighting
 - Level 16.1(18.1) Axes
 + Level 10.9(15.0) Throwing
 + Level 17.7(20.6) Armour
 + Level 14.7(17.8) Shields


You had 13 spell levels left.
You didn't know any spells.
Your spell library contained the following spells:

 Spells                   Type           Power      Damage    Failure   Level
 Slow                     Hex            0%         N/A       67%         1
 Freeze                   Ice            0%         1d3       73%         1
 Summon Small Mammal      Summ           0%         N/A       73%         1
 Cigotuvi's Dreadful Rot  Necr/Pois/Air  0%         N/A       86%         2
 Sublimation of Blood     Necr           0%         N/A       86%         2
 Confusing Touch          Hex            0%         N/A       96%         3
 Call Canine Familiar     Summ           0%         N/A       97%         3
 Frozen Ramparts          Ice            0%         1d1       97%         3
 Hailstorm                Conj/Ice       0%         3d3       97%         3
 Summon Guardian Golem    Hex/Summ       0%         N/A       97%         3
 Vampiric Draining        Necr           0%         2d6       97%         3
 Volatile Blastmotes      Fire/Tloc      0%         2d10      97%         3
 Dispel Undead            Necr           0%         3d6       100%        4
 Fulminant Prism          Conj/Hex       0%         3d5       100%        4
 Iskenderun's Mystic Bla  Conj/Tloc      0%         2d3       100%        4
 Olgreb's Toxic Radiance  Pois           0%         N/A       100%        4
 Petrify                  Tmut/Erth      0%         N/A       100%        4
 Irradiate                Conj/Tmut      0%         3d11      100%        5
 Lee's Rapid Deconstruct  Erth           0%         3d4*      100%        5
 Metabolic Englaciation   Hex/Ice        0%         N/A       100%        5
 Death Channel            Necr           0%         N/A       100%        6
 Statue Form              Tmut/Erth      0%         N/A       100%        6
 Discord                  Hex            0%         N/A       100%        8
 Ignition                 Fire           0%         3d3       100%        8


Dungeon Overview and Level Annotations

Branches:
Dungeon (11/15)            Temple (1/1) D:6            Lair (2/5) D:11
  Snake (4/4) Lair:2          Orc (0/2) D:11
  Swamp: Lair:2-3    Shoals: Lair:2-3

Altars:
Ashenzari
Cheibriados
Dithmenos
Elyvilon
Fedhas
Gozag
Hepliaklqana
Kikubaaqudgha
Makhleb
Nemelex Xobeh
Okawaru
Qazlal
Ru
Sif Muna
Trog
Uskayaw
Vehumet
Wu Jian
Xom
Yredelemnul
Zin
The Shining One

Shops:
D:1 (   D:3 (   Snake:3 ?(?[


Innate Abilities, Weirdness & Mutations

You have a pair of horns on your head.
You reflexively headbutt those who attack you in melee.


Message History

You feel sick.
The naga warrior shouts!
The naga shouts!
The naga sharpshooter spits poison at you.
The splash of poison hits you but does no damage.
You are more poisoned.
The naga sharpshooter unwields a +0 halberd.
The naga sharpshooter wields a +0 shortbow.
The naga sharpshooter shoots an arrow.
You block the arrow.
There is an open door, spattered with blood here.
Things that are here:
a +0 arbalest; a +2 long sword of draining; a +0 robe You slash the naga sharpshooter!
You feel better.
The naga sharpshooter is lightly wounded.
You barely miss the mana viper. You hit the naga sharpshooter.
You feel better.
You feel very sick.
The mana viper bites you but does no damage.
The naga sharpshooter mumbles some strange words.
The naga sharpshooter magically shoots an arrow.
The arrow misses you.
The naga sharpshooter casts a spell.
The naga sharpshooter magically shoots an arrow.
You block the arrow.
The naga ritualist mumbles some strange prayers to its god.
The naga ritualist begins to radiate toxic energy.
* * * LOW HITPOINT WARNING * * *
You are lethally poisoned!
The naga sharpshooter spits poison at you.
You block the splash of poison.
You hear a shout!
You barely miss the naga sharpshooter.
The naga sharpshooter is lightly wounded.
You barely miss the mana viper. You closely miss the naga sharpshooter.
* * * LOW HITPOINT WARNING * * *
You feel very sick.
* * * LOW HITPOINT WARNING * * *
You are more poisoned.
The mana viper closely misses you.
The naga sharpshooter shoots an arrow.
The arrow hits you!
Die?
You die...

* , * * * * ,, , , *
∆** * ,. # #### , *
..#. ,,,##..####
*.....,{##†.††..## *
, ,
#8..N8##..†##...#*
,* *
*+.....SN@#.#####..#
* .##+##SN###,8
##..# , ,,##NN*{ ,,
...# 8 *{,8


,#NSN {⌠ 8 ...# , , , { #..#N,, , .S## ,, * , #..##. ,**... , * * ,,,* * *#...
#'* ...# ,,, ** , *##.. ,.. *** * * , * * , * ,, You could see a naga warrior, 4
naga sharpshooters, a naga ritualist (toxic aura), a mana viper, 2 black mambas
and 2 nagas.

Vanquished Creatures
  Aizul (Snake:3)
  The ghost of jasper the Arsonist, a journeyman DsCA of Vehumet (Lair:1)
  Fannar (Lair:1)
  A hydra (Lair:2)
  2 salamander tyrants (Snake:4)
  4 anacondas
  4 two-headed ogres (D:10)
  3 naga warriors
  2 death yaks (Lair:1)
  8 naga sharpshooters
  7 shock serpents
  The ghost of 13Fox the Skirmisher, a novice KoHu of Gozag (D:9)
  The ghost of sirJeffrey23 the Protected, a novice AtFi of the Shining One (D:7)
  7 spectral anacondas (Snake:2)
  2 salamander mystics (Snake:3)
  An anaconda zombie (Snake:2)
  A sea snake (Snake:2)
  4 anaconda skeletons (Snake:2)
  A naga ritualist (Snake:3)
  5 mana vipers
  5 cyclopes
  9 salamanders
  7 naga magi
  A torpor snail (Lair:1)
  The ghost of Juicyj the Shield-Bearer, a novice MiFi (D:5)
  A salamander (shapeshifter) (D:10)
  8 cane toads
  5 guardian serpents
  19 black mambas
  Joseph (D:7)
  A gargoyle (D:10)
  A komodo dragon (D:11)
  A kobold demonologist (D:9)
  An efreet (D:10)
  2 freezing wraiths
  2 anaconda simulacra (Snake:2)
  5 rime drakes (Lair:1)
  A troll (D:5)
  2 hornets (D:10)
  8 blink frogs
  4 shadows
  Sigmund (D:2)
  A slime creature (D:10)
  2 wyverns
  5 wraiths
  A vampire (D:11)
  2 basilisks (Lair:1)
  29 yaks
  3 steam dragons
  15 nagas
  A catoblepas simulacrum (Lair:1)
  A warg (D:7)
  Edmund (D:5)
  2 acid dragons
  2 water moccasins
  17 orc warriors
  2 ice beasts
  A sky beast (D:8)
  2 black bears
  5 wolves (Lair:1)
  A black mamba simulacrum (Lair:1)
  5 centaurs
  2 kobold brigands
  4 bullfrogs
  3 gnoll sergeants
  8 wights (D:7)
  18 killer bees
  A blink frog simulacrum (Lair:1)
  2 electric eels (D:10)
  4 howler monkeys
  A rime drake simulacrum (Lair:1)
  2 jellies
  15 orc priests
  A hound (D:4)
  A water moccasin simulacrum (Lair:1)
  A sleepcap (D:5)
  An iguana (D:7)
  4 orc wizards
  A bullfrog simulacrum (Lair:1)
  10 gnolls
  10 adders
  2 shadow imps
  2 white imps (D:5)
  2 ufetubi
  3 worms (D:2)
  3 dart slugs
  40 orcs
  6 bats
  8 endoplasms
  2 giant cockroaches
  9 goblins
  3 hobgoblins
  A jackal (D:2)
  7 kobolds
  2 quokkas
  5 ball pythons
  4 frilled lizards
  5 rats
434 creatures vanquished.

Vanquished Creatures (others)
  A naga sharpshooter (Snake:3)
  A vampire (D:10)
  5 fungi
  58 plants
65 creatures vanquished.

Grand Total: 499 creatures vanquished

Notes
Turn   | Place    | Note
-------+----------+-------------------------------------------
     0 | D:1      | halvedace the Minotaur Fighter began the quest for the Orb.
     0 | D:1      | Reached XP level 1. HP: 19/19 MP: 0/0
     0 | D:1      | Entered explore mode.
   240 | D:1      | Reached XP level 2. HP: 27/27 MP: 1/1
   463 | D:1      | Found Tuinkirph's Antique Weapon Emporium.
   588 | D:1      | Found a faded altar of an unknown god.
   789 | D:2      | Reached skill level 4 in Armour
   839 | D:2      | Reached XP level 3. HP: 8/33 MP: 2/2
  1623 | D:2      | Reached XP level 4. HP: 31/40 MP: 3/3
  1767 | D:2      | Noticed Sigmund
  1775 | D:2      | Killed Sigmund
  1776 | D:2      | Reached XP level 5. HP: 47/47 MP: 4/4
  2014 | D:3      | Reached skill level 5 in Axes
  2052 | D:3      | Reached XP level 6. HP: 48/55 MP: 5/5
  2132 | D:3      | Found an ornate altar of the Wu Jian Council.
  2139 | D:3      | Noticed a spectral centipede
  2139 | D:3      | Noticed a spectral black mamba
  2139 | D:3      | Noticed a spectral cane toad
  2308 | D:3      | Found Utsaocko's Weapon Boutique.
  2402 | D:3      | Reached skill level 5 in Armour
  2476 | D:3      | Identified a scroll of acquirement
  2476 | D:3      | Acquired a manual of Armour
  2770 | D:4      | Reached skill level 5 in Fighting
  2770 | D:4      | Reached skill level 5 in Shields
  3200 | D:5      | Entered Level 5 of the Dungeon
  3212 | D:5      | Noticed Edmund
  3231 | D:5      | Killed Edmund
  3334 | D:5      | Reached XP level 7. HP: 57/61 MP: 6/6
  3352 | D:5      | Reached skill level 6 in Armour
  3533 | D:5      | Noticed a troll
  3536 | D:5      | Noticed Juicyj's ghost (novice MiFi)
  3580 | D:5      | Found a transporter.
  3601 | D:5      | Found a transporter.
  3661 | D:5      | HP: 3/61 [Juicyj's ghost (9)]
  3661 | D:5      | Slain by Juicyj's ghost (6 damage)
  3662 | D:5      | Killed a troll
  3672 | D:5      | Killed Juicyj's ghost
  3673 | D:5      | Reached skill level 7 in Armour
  3673 | D:5      | Reached XP level 8. HP: 50/71 MP: 7/7
  3867 | D:5      | Found a shimmering blue altar of Sif Muna.
  4164 | D:6      | Reached skill level 8 in Armour
  4721 | D:6      | Found a staircase to the Ecumenical Temple.
  4732 | Temple   | Entered the Ecumenical Temple
  4890 | Temple   | Became a worshipper of Ashenzari the Shackled
  5014 | D:7      | HP: 2/73 [killer bee (2)]
  5015 | D:7      | Succumbed to a killer bee's poison
  5033 | D:7      | Reached skill level 9 in Armour
  5039 | D:7      | Reached XP level 9. HP: 59/79 MP: 8/8
  5073 | D:7      | Slain by an orc warrior
                  | ... wielding a +0 flail
                  | (8 damage)
  5228 | D:7      | Found a runed translucent gate.
  5228 | D:7      | Found a runed translucent gate.
  5230 | D:7      | Found a runed translucent gate.
  5230 | D:7      | Noticed sirJeffrey23's ghost (novice AtFi)
  5232 | D:7      | Identified the +5 chain mail of Xaeptoish {rC+}
  5290 | D:7      | Killed sirJeffrey23's ghost
  5291 | D:7      | Reached skill level 10 in Axes
  5291 | D:7      | Reached skill level 10 in Armour
  5673 | D:7      | Noticed Joseph
  5686 | D:7      | Killed Joseph
  5687 | D:7      | Reached XP level 10. HP: 74/90 MP: 9/9
  6243 | D:8      | Reached * piety under Ashenzari
  6280 | D:8      | Reached skill level 11 in Armour
  6390 | D:8      | You fall into a shaft and drop 3 floors!
  6411 | D:10     | Entered Level 10 of the Dungeon
  6521 | D:8      | Found a burning altar of Makhleb.
  6571 | D:8      | Identified the +5 leather armour "Uturo" {Rampage Will+}
  6845 | D:8      | Reached ** piety under Ashenzari
  7262 | D:9      | Found a runed translucent gate.
  7262 | D:9      | Found a runed translucent gate.
  7262 | D:9      | Found a runed translucent gate.
  7265 | D:9      | Noticed 13Fox's ghost (novice KoHu)
  7524 | D:9      | Reached skill level 12 in Armour
  7643 | D:9      | Slain by a freezing wraith (18 damage)
  7647 | D:9      | HP: 2/91 [frozen (11)]
  7647 | D:9      | Slain by a wraith (3 damage)
  7668 | D:9      | Killed 13Fox's ghost
  7669 | D:9      | Reached XP level 11. HP: 8/97 MP: 10/10
  7986 | D:10     | Noticed a two-headed ogre
  7991 | D:10     | Killed a two-headed ogre
  8106 | D:10     | Paralysed by a hornet for 1 turns
  8291 | D:10     | Noticed a +0 dagger
  8292 | D:10     | Noticed a +0 short sword
  8292 | D:10     | Noticed a +0 falchion
  8294 | D:10     | Noticed a +0 short sword
  8296 | D:10     | Noticed a +0 dagger
  8297 | D:10     | Noticed a +0 spear
  8298 | D:10     | Noticed a +0 spear
  8301 | D:10     | Noticed a +0 falchion
  8310 | D:10     | Found a hide-covered altar of Uskayaw.
  8310 | D:10     | Noticed a two-headed ogre
  8317 | D:10     | Killed a two-headed ogre
  8318 | D:10     | Reached skill level 5 in Throwing
  8491 | D:10     | Reached skill level 10 in Fighting
  8491 | D:10     | Reached skill level 13 in Armour
  8491 | D:10     | Reached skill level 10 in Shields
  8491 | D:10     | Noticed a two-headed ogre
  8505 | D:10     | Slain by a two-headed ogre
                  | ... wielding a +0 giant club
                  | (21 damage)
  8509 | D:10     | Killed a two-headed ogre
  8525 | D:10     | Killed by divine providence
                  | ... invoked by an orc priest
                  | (11 damage)
  8632 | D:10     | Noticed a two-headed ogre
  8639 | D:10     | Killed a two-headed ogre
  9328 | D:10     | Reached *** piety under Ashenzari
  9636 | D:10     | Identified the amulet "Pimor" {rF+ Regen+ Str+6 Stlth+}
  9810 | D:11     | Reached skill level 14 in Armour
  9810 | D:11     | Reached XP level 12. HP: 108/108 MP: 11/11
  9901 | D:11     | Found a staircase to the Orcish Mines.
 10060 | D:11     | Found a staircase to the Lair.
 10909 | Lair:1   | Entered Level 1 of the Lair of Beasts
 10959 | Lair:1   | Noticed a death yak
 10962 | Lair:1   | Noticed a death yak
 10977 | Lair:1   | Killed a death yak
 10988 | Lair:1   | Killed a death yak
 11140 | Lair:1   | Reached skill level 15 in Axes
 11158 | Lair:1   | Noticed Fannar
 11175 | Lair:1   | Reached skill level 15 in Armour
 11188 | Lair:1   | Killed Fannar
 11247 | Lair:1   | Reached **** piety under Ashenzari
 11373 | Lair:1   | Found a runed translucent gate.
 11374 | Lair:1   | Found a runed translucent gate.
 11375 | Lair:1   | Found a runed translucent gate.
 12031 | Lair:1   | Identified the ring "Peroecso" {Fire Int+2 Dex+3}
 12032 | Lair:1   | Noticed jasper's ghost (journeyman DsCA)
 12279 | Lair:1   | Killed jasper's ghost
 12371 | Lair:2   | Noticed a six-headed hydra
 12423 | Lair:2   | Reached XP level 13. HP: 65/117 MP: 12/12
 12605 | Lair:2   | Reached ***** piety under Ashenzari
 12637 | Lair:2   | Found a staircase to the Snake Pit.
 12671 | Snake:1  | Entered Level 1 of the Snake Pit
 13154 | Snake:1  | Reached skill level 16 in Armour
 14397 | Snake:2  | Reached XP level 14. HP: 118/129 MP: 13/13
 14581 | Snake:2  | Slain by an anaconda (13 damage)
 14586 | Snake:2  | Slain by an anaconda (12 damage)
 14634 | Snake:3  | Identified the +5 scale mail of the Tuna {Fly rF+ SInv}
 14706 | Snake:3  | HP: 6/130 [naga sharpshooter/arrow (8)]
 14707 | Snake:3  | Shot with an arrow by a naga sharpshooter (13 damage)
 14722 | Snake:3  | Acquired the +0 buckler of Zoesomogeh {SInv}
 14759 | Snake:3  | Reached skill level 17 in Armour
 14831 | Snake:3  | Found Xacw's Weapon Shop.
 14833 | Snake:3  | Found Dotiqal's Magic Scroll Boutique.
 14835 | Snake:3  | Found Sainul's Armour Shop.
 14850 | Snake:3  | Reached skill level 10 in Throwing
 14898 | Snake:3  | Killed from afar by a shock serpent (30 damage)
                  | ... with a bolt of electricity
 14913 | Snake:3  | Noticed Aizul
 14922 | Snake:3  | HP: 6/132 [Aizul/bolt of poison (16)]
 14922 | Snake:3  | HP: 1/132 [constriction (5)]
 14923 | Snake:3  | Succumbed to Aizul's bolt of poison
 14929 | Snake:3  | HP: 6/132 [poisoned by a naga sharpshooter (splash of
                  | poison)]
 14929 | Snake:3  | Killed from afar by a shock serpent (17 damage)
                  | ... with a bolt of electricity
 14935 | Snake:3  | HP: 3/132 [poisoned by a naga mage (bolt of poison)]
 14936 | Snake:3  | Succumbed to a naga mage's splash of poison
 14944 | Snake:3  | Succumbed to Aizul's bolt of poison
 14947 | Snake:3  | Killed Aizul
 14949 | Snake:3  | Succumbed to Aizul's bolt of poison
 14963 | Snake:3  | HP: 4/132 [naga sharpshooter/bolt (5)]
 14967 | Snake:3  | Slain by a naga
                  | ... wielding a +0 short sword
                  | (10 damage)
 15095 | Snake:3  | Found Gueken's Magic Scroll Boutique.
 15099 | Snake:3  | Bought a scroll of enchant weapon for 142 gold pieces
 15207 | Snake:4  | Entered Level 4 of the Snake Pit
 15284 | Snake:4  | Shot with a bolt by a naga sharpshooter (17 damage)
 15310 | Snake:4  | Shot with an arrow by a naga sharpshooter

Illustrated notes

Levels and vault maps discovered:
D:1:      dpeg_arrival_arbitrary_b, layout_basic, serial_shops,
          nicolae_shop_real_fake_doors, dilly_ecumenical_altar_fadedgnrine,
          hangedman_decor_lopped, minmay_misc_feat_tiny, kennysheep_flooded_box
D:2:      minmay_chambers_of_ones, layout_loops_corners, solitary_fountain,
          st_stairs_8, uniq_sigmund
D:3:      kennysheep_big_flooded_room, layout_loops_ring,
          pdpol_wu_jian_five_deadly_venoms, serial_shops,
          nicolae_shop_temple_entry_statues_fountains
D:4:      layout_rooms
D:5:      layout_basic, lemuel_round_altar, gammafunk_ghost_arena, hex_tiny,
          uniq_edmund
D:6:      layout_basic, minmay_temple_entry_trees
D:7:      layout_basic, biasface_ghost_orc_armoury, uniq_joseph
D:8:      layout_loops_ring, amcnicky_altar_gilded
D:9:      layout_roguey, gammafunk_ghost_spectres
D:10:     nzn_winding_woodlands_stair_cross
          [nzn_winding_woodlands_5x15_river_crossing,
          nzn_winding_woodlands_center_triple_pond,
          nzn_winding_woodlands_5x15_longhouse,
          nzn_winding_woodlands_5x5_closed_star,
          nzn_winding_woodlands_hourglass,
          nzn_winding_woodlands_5x15_sidewinder,
          nzn_winding_woodlands_center_pierced_h,
          nzn_winding_woodlands_5x15_garden], layout_grid_maze,
          nicolae_uskayaw_en_pointe, chequers_serial_rivers_small_b
D:11:     layout_basic, david_lair_shrubbed, david_orc_4, special_room
          [special_room_orc]
Temple:   regret_index_temple_mists
Lair:1:   layout_layer_cave, gammafunk_ghost_icy, grunt_megastairs_5,
          uniq_fannar
Lair:2:   layout_long_grid, minmay_snake_entry_guardpost_small
Snake:1:  layout_basic
Snake:2:  nicolae_snake_unarmed_stairs_patrol, layout_rooms, drop_trap,
          st_stairs_10, nicolae_snake_double_loop, nicolae_snake_dead_anacondas
Snake:3:  layout_misc_corridors, serial_shops, nicolae_shop_rolled_up,
          ebering_ghost_inner_flame, lemuel_fruit_tree, minmay_shop_star,
          uniq_aizul
Snake:4:  hellmonk_snake_rune_quicksilver_temple, layout_rooms

Skill      XL: |  1  2  3  4  5  6  7  8  9 10 11 12 13 14 |
---------------+-------------------------------------------+-----
Armour         | 4 5 7 9 10 12 14 15 16 17 | 17.7
Shields        | 4 5 6 7 8 9 10 11 13 14 | 14.7
Fighting       | 4 5 6 7 8 9 10 11 13 14 | 14.7
Axes           | 3 4 5 7 9 10 12 14 15 16 | 16.1
Throwing       | 2 4 6 7 9 10 | 10.9

Action                     |  1- 3 |  4- 6 |  7- 9 | 10-12 | 13-15 || total
---------------------------+-------+-------+-------+-------+-------++-------
  Melee: War axe           |    89 |    92 |   219 |   630 |   557 ||  1587
         Headbutt          |     6 |    15 |    38 |   175 |   145 ||   379
  Throw: Dart              |       |       |       |     7 |     1 ||     8
 Invoke: Curse Item        |       |       |     1 |     7 |     1 ||     9
         Shatter the Chain |       |       |       |     1 |       ||     1
    Use: Scroll            |     6 |     4 |     6 |     3 |     1 ||    20
         Potion            |       |     1 |     1 |       |       ||     2
 Armour: Scale mail        |    22 |       |       |       |       ||    22
         Chain mail        |    20 |    55 |   158 |   442 |   390 ||  1065
  Dodge: Dodged            |    40 |    36 |   103 |   249 |   211 ||   639
  Block: Buckler           |    25 |    52 |   177 |   312 |   302 ||   868
         Reflection        |       |     3 |     3 |    12 |       ||    18

Table legend: (Time is in decaauts)
 A = Elapsed time spent in this place.
 B = Non-inter-level travel time spent in this place.
 C = Inter-level travel time spent in this place.
 D = Time resting spent in this place.
 E = Time spent auto-exploring this place.
 F = Levels seen in this place.
 G = Mean time per level.
                   A        B        C        D        E       F      G
               +--------+--------+--------+--------+--------+-----+--------+
         Total |  15293 |  14943 |    350 |   1044 |   9406 |  18 |  849.6 |
       Dungeon |  10802 |  10549 |    253 |    761 |   6724 |  11 |  982.0 |
        Temple |    231 |    207 |     24 |      0 |    185 |   1 |  231.0 |
          Lair |   1713 |   1692 |     21 |     74 |   1120 |   2 |  856.5 |
     Snake Pit |   2545 |   2493 |     52 |    209 |   1376 |   4 |  636.2 |
               +--------+--------+--------+--------+--------+-----+--------+

Top non-repeatable levels by time:
    D:10: 1876 daAuts
  Lair:1: 1429 daAuts
     D:2: 1213 daAuts
     D:7: 1192 daAuts
 Snake:1: 1142 daAuts
    D:11: 1111 daAuts
     D:9: 1057 daAuts
     D:5: 906 daAuts
     D:3: 801 daAuts
 Snake:2: 776 daAuts
     D:1: 774 daAuts
     D:8: 733 daAuts
     D:6: 671 daAuts
 Snake:3: 526 daAuts
     D:4: 462 daAuts
